 Dungeon Crawl Stone Soup version 0.17.0-28-g6e173f8 (webtiles) character file.

588 septik the Magician (level 7, -8/36 HPs)
             Began as a Deep Elf Fire Elementalist on Nov 22, 2015.
             Was an Initiate of Vehumet.
             Killed by divine providence
             ... invoked by an orc priest
              (14 damage)
             ... on level 5 of the Dungeon.
             The game lasted 00:09:12 (4200 turns).

septik the Magician (Deep Elf Fire Elementalist)    Turns: 4200, Time: 00:09:12

Health: -8/36      AC:  2    Str:  5    XL:     7   Next: 15%
Magic:  10/18      EV: 13    Int: 22    God:    Vehumet [......]
Gold:   336        SH:  0    Dex: 15    Spells: 4 memorised, 5 levels left

rFire  . . .     SeeInvis .     k - +1 whip (flame)
rCold  . . .     Clarity  .     a - +0 robe
rNeg   . . .     SustAt   .     (no shield)
rPois  .         Gourm    +     (no helmet)
rElec  .         Spirit   .     (no cloak)
rCorr  .         Warding  .     (no gloves)
rMut   .         Stasis   .     (no boots)
MR     .....                    j - amulet of the gourmand
Stlth  ++........               (no ring)
                                (no ring)

@: not resistant to hostile enchantments, unstealthy
A: no striking features
a: Renounce Religion


You were on level 5 of the Dungeon.
You worshipped Vehumet.
Vehumet was noncommittal.
You were not hungry.

You visited 2 branches of the dungeon, and saw 6 of its levels.

You collected 336 gold pieces.

Inventory:

Hand Weapons
 e - a +0 whip
 k - a +1 whip of flaming (weapon)
Missiles
 h - 144 stones (quivered)
Armour
 a - a +0 robe (worn)
 C - the +4 ring mail of Modesty {Int+3, unknown}
   (You found it on level 4 of the Dungeon)

   It affects your intelligence (+3).
Jewellery
 j - an amulet of the gourmand (around neck)
 E - an uncursed amulet of faith
Wands
 u - a wand of digging (12)
 F - a wand of disintegration (7)
Scrolls
 i - 5 scrolls of remove curse {unknown}
 m - a scroll of enchant weapon {unknown}
 n - 6 scrolls of identify {unknown}
 o - a scroll of amnesia {unknown}
 s - 2 scrolls of immolation {unknown}
 w - 2 scrolls of magic mapping {unknown}
 x - a scroll of teleportation {unknown}
 y - a scroll of recharging {unknown}
 B - a scroll of enchant armour {unknown}
Potions
 f - 2 potions of lignification {unknown}
 g - a potion of cure mutation {unknown}
 l - 2 potions of resistance {unknown}
 p - a potion of haste {unknown}
 q - 3 potions of ambrosia {unknown}
 r - 3 potions of poison {unknown}
 t - 2 potions of curing {unknown}
 z - a potion of might {unknown}
 A - 2 potions of agility {unknown}
 H - a potion of degeneration {unknown}
Books
 b - a book of Flames

   Spells                             Type                      Level
   a - Flame Tongue                   Conjuration/Fire             1
   b - Throw Flame                    Conjuration/Fire             2
   c - Conjure Flame                  Conjuration/Fire             3
   d - Inner Flame                    Hexes/Fire                   3
   e - Sticky Flame                   Conjuration/Fire             4
   f - Fireball                       Conjuration/Fire             5
 D - a book of Death

   Spells                             Type                      Level
   a - Corpse Rot                     Necromancy                   2
   b - Sublimation of Blood           Necromancy                   2
   c - Agony                          Necromancy                   5
   d - Dispel Undead                  Necromancy                   5
   e - Excruciating Wounds            Charms/Necromancy            5
   f - Bolt of Draining               Conjuration/Necromancy       5
Comestibles
 c - 6 bread rations
 d - 3 meat rations
 v - a beef jerky
 G - a slice of pizza


   Skills:
 - Level 2.4 Dodging
 - Level 2.4 Stealth
 + Level 6.4 Spellcasting
 + Level 5.0 Conjurations
 + Level 5.7 Fire Magic


You had 5 spell levels left.
You knew the following spells:

 Your Spells              Type           Power        Failure   Level  Hunger
a - Flame Tongue          Conj/Fire      ####.        1%          1    None
b - Conjure Flame         Conj/Fire      ####....     2%          3    #......
c - Sticky Flame          Conj/Fire      ####....     12%         4    ###....
d - Fireball              Conj/Fire      ####......   28%         5    #####..


Dungeon Overview and Level Annotations

Branches:
Dungeon (5/15)             Temple (1/1) D:4

Altars:
Ashenzari
Dithmenos
Elyvilon
Fedhas
Gozag
Makhleb
Nemelex Xobeh
Okawaru
Qazlal
Trog
Vehumet
Xom
Yredelemnul


Message History

The orc wizard hits you with a dagger.
Casting: Flame Tongue
Confirm with . or Enter, or press ? or * to list all spells.
Aiming: Flame Tongue
Press: ? - help, Shift-Dir - straight line, f/p - orc priest
Aim: an orc priest, wielding a club (heavily wounded)
The flame tongue hits the orc priest.
The orc priest is almost dead.
The orc priest calls down the wrath of Beogh upon you.
Something smites you!
* * * LOW HITPOINT WARNING * * *
The orc priest hits you but does no damage.
The orc wizard closely misses you.
The orc priest casts a cantrip, but nothing happens.
The orc wizard gestures at you while chanting.
The puff of flame hits you!
* * * LOW HITPOINT WARNING * * *
The orc priest calls down the wrath of Beogh upon you.
Something smites you!
You die...

##.....##......##...###.#
####.....##....##.##...#
###.....#..........###
#.......>......#..## #
#.#...#.#.o....####
####.###.....o...##
.....####........#
##)...# ###...o..#
...##...# #.....@#
........>..........#
......#.###.....##.#
#####.........#.. ... ..
##.....#.#### ... #..#
..#....# #.... .....
##..#?. ##.. # ..# .. ..


You could see 2 orc priests and an orc wizard.

Vanquished Creatures
  An ogre (D:4)
  A centaur (D:4)
  A scorpion (D:4)
  4 orc wizards
  An orc priest (D:3)
  An iguana (D:5)
  8 adders
  2 oozes (D:1)
  2 worms
  7 giant geckos
  21 orcs
  4 ball pythons
  3 giant cockroaches
  8 hobgoblins
  9 kobolds
  4 quokkas (D:4)
  A ball python skeleton (D:4)
  8 bats
  10 giant newts
  5 goblins
  15 jackals
  6 rats
122 creatures vanquished.

Notes
Turn   | Place    | Note
--------------------------------------------------------------
     0 | D:1      | septik the Deep Elf Fire Elementalist began the quest for the Orb.
     0 | D:1      | Reached XP level 1. HP: 10/10 MP: 6/6
   245 | D:1      | Reached XP level 2. HP: 15/15 MP: 6/8
   459 | D:1      | Reached skill level 4 in Spellcasting
   540 | D:1      | Reached XP level 3. HP: 16/19 MP: 8/10
  1291 | D:2      | Found an iron altar of Okawaru.
  1370 | D:2      | Reached XP level 4. HP: 24/24 MP: 8/12
  1617 | D:3      | Found a burning altar of Makhleb.
  1760 | D:3      | Reached XP level 5. HP: 12/28 MP: 2/14
  1860 | D:3      | Learned a level 3 spell: Conjure Flame
  1865 | D:3      | Learned a level 4 spell: Sticky Flame
  1871 | D:3      | Learned a level 5 spell: Fireball
  2282 | D:3      | Reached skill level 5 in Spellcasting
  2413 | D:3      | Found a bloodstained altar of Trog.
  2570 | D:4      | Noticed a centaur
  2576 | D:4      | Killed a centaur
  2576 | D:4      | Reached XP level 6. HP: 21/32 MP: 9/16
  2761 | D:4      | Noticed an ogre
  2769 | D:4      | Killed an ogre
  2769 | D:4      | Reached skill level 5 in Fire Magic
  3073 | D:4      | Found a staircase to the Ecumenical Temple.
  3108 | Temple   | Entered the Ecumenical Temple
  3368 | Temple   | Became a worshipper of Vehumet
  3474 | D:4      | Got a scorched ring mail
  3686 | D:4      | Reached skill level 6 in Spellcasting
  3968 | D:5      | Entered Level 5 of the Dungeon
  3969 | D:5      | Found a white marble altar of Elyvilon.
  4055 | D:5      | Reached XP level 7. HP: 36/36 MP: 11/18
  4145 | D:5      | Found a stormy altar of Qazlal.
  4150 | D:5      | Reached skill level 5 in Conjurations
  4200 | D:5      | Killed from afar by an orc priest

Action                   |  1- 3 |  4- 6 |  7- 9 || total
-------------------------+-------+-------+-------++-------
Melee: Whip              |    19 |       |       ||    19
 Cast: Flame Tongue      |    95 |   133 |    24 ||   252
  Eat: Chunk             |     1 |     8 |     3 ||    12
